 Dungeon Crawl Stone Soup version 0.25-a0-246-g58704a1ebd (webtiles) character file.

Game seed: 373077451301717760, levelgen mode: deterministic

35 floatRand the Covered (level 3, 29/29 HPs)
             Began as a Demonspawn Fighter on Dec 3, 2019.
             Quit the game on level 2 of the Dungeon.
             The game lasted 00:00:55 (788 turns).

floatRand the Covered (Demonspawn Fighter)           Turns: 788, Time: 00:00:56

Health: 29/29      AC: 10    Str: 16    XL:     3   Next: 17%
Magic:  3/3        EV:  6    Int:  9    God:
Gold:   61         SH:  8    Dex: 13    Spells: 2/2 levels left

rFire    . . .     SeeInvis .   a - +0 war axe
rCold    . . .     Gourm    .   c - +0 shield
rNeg     . . .     Faith    .   b - +0 scale mail
rPois    .         Spirit   +   (no helmet)
rElec    .         Reflect  .   i - +2 cloak
rCorr    .         Harm     .   (no gloves)
MR       .....                  (no boots)
Stlth    ..........             (no amulet)
HPRegen  0.09/turn              (no ring)
MPRegen  0.08/turn              (no ring)

@: no status effects
A: hooves 1, magic shield
a: no special abilities


You were on level 2 of the Dungeon.
You were not hungry.

You visited 1 branch of the dungeon, and saw 2 of its levels.

You collected 61 gold pieces.

Inventory:

Hand Weapons
 a - a +0 war axe (weapon)
Armour
 b - a +0 scale mail (worn)
 c - a +0 shield (worn)
 i - a +2 cloak (worn)
Scrolls
 e - 3 scrolls of identify {unknown}
 g - a scroll of remove curse {unknown}
 h - a scroll of amnesia {unknown}
 l - 2 scrolls of enchant armour {unknown}
 n - a scroll of blinking {unknown}
Potions
 d - a potion of might
 j - a potion of lignification {unknown}
 k - a potion of haste {unknown}
Comestibles
 f - 3 rations
 m - 3 chunks of flesh


   Skills:
 - Level 3.0 Fighting
 + Level 2.6 Axes
 + Level 3.3 Armour
 - Level 2.6 Shields


You had 2 spell levels left.
You didn't know any spells.
Your spell library was empty.

Dungeon Overview and Level Annotations

Branches:
Dungeon (2/15)

Altars:


Innate Abilities, Weirdness & Mutations

You have large cloven feet.
When hurt, damage is shared between your health and your magic reserves.


Message History

A frilled lizard comes into view.
The frilled lizard hisses angrily.
A bat comes into view.
Found a scroll labeled TAPTOE LUXTO.
Found a leather armour.
Found a ration.
You see here a scroll labeled TAPTOE LUXTO.
n - a scroll labeled TAPTOE LUXTO
There are no items here.
The dart slug bites you but does no damage.
Your shield and scale mail prevent you from hitting the dart slug.
The dart slug barely misses you.
You slash the dart slug!
The dart slug is almost dead.
You block the dart slug's attack.
You slash the dart slug!
You kill the dart slug!
No reachable target in view!
No reachable target in view!
Are you sure you want to abandon this character and quit the game? (Confirm with "yes".)

#.#.######...# ..#.#
.....# #######.##
##.#.#.##
#........###..#.#..##
#.########...##.##...#
#.#####....###...###..
#.......####Sb.⌠..%###
#.#####....###l..###..
#.# ####.@.##(##...#
#.# ###..#(#..# #.#
##.###[## #w# #..#..#
#.. ##.#.## ## #.#.#
#...# ##.## .#


You could see an adder, a bat and a frilled lizard.

Vanquished Creatures
  A gnoll (D:1)
  A worm (D:2)
  A dart slug (D:2)
  A leopard gecko (D:1)
  3 goblins (D:1)
  3 hobgoblins
  2 jackals (D:1)
  4 kobolds (D:1)
  2 bats (D:1)
  2 frilled lizards (D:1)
  A rat (D:1)
21 creatures vanquished.

Notes
Turn   | Place    | Note
-------+----------+-------------------------------------------
     0 | D:1      | floatRand the Demonspawn Fighter began the quest for the
                  | Orb.
     0 | D:1      | Reached XP level 1. HP: 18/18 MP: 1/1
    59 | D:1      | Gained mutation: You have large cloven feet. [demonic
                  | ancestry]
    59 | D:1      | Reached XP level 2. HP: 17/24 MP: 2/2
   618 | D:2      | Gained mutation: When hurt, damage is shared between your
                  | health and your magic reserves. [demonic ancestry]
   618 | D:2      | Reached XP level 3. HP: 29/29 MP: 3/3
   788 | D:2      | Quit the game

Levels and vault maps discovered:
D:1:      lightli_arrival_boilingwater, layout_rooms
D:2:      minmay_general_purpose_star, layout_basic,
          chequers_ecumenical_altar_simple_redux, uniq_jessica

Skill      XL: |  1 |
---------------+----+-----
Axes           | 2 |  2.6
Armour         | 3 |  3.3
Fighting       | |  3.0
Shields        | |  2.6

Action                   || total
-------------------------++-------
Melee: War axe           ||    72
       Kick              ||     9
Armor: Scale mail        ||    42
Dodge: Dodged            ||    18
Block: Shield            ||    40

Table legend:
 A = Non-vault XP
 B = Vault XP
 C = Vault XP percentage of total XP
 D = Non-vault monster count
 E = Vault monster count
 F = Vault count percentage of total count
                 A         B        C        D         E       F
            +---------+---------+-------+---------+---------+-------
      Total |      51 |       0 |   0.0 |      21 |       0 |   0.0
            +---------+---------+-------+---------+---------+-------
        D:1 |      40 |       0 |   0.0 |      18 |       0 |   0.0
        D:2 |      11 |       0 |   0.0 |       3 |       0 |   0.0
            +---------+---------+-------+---------+---------+-------
